 Dungeon Crawl Stone Soup version 0.31-a0-38-g1548c4f2a5 (webtiles) character file.

Game seed: 961841968304055531

8316 hwolsky the Arsonist (level 11, 17/40 (43) HPs) *EXPLORE*
             Began as a Tengu Fire Elementalist on May 15, 2023.
             Was a Priest of Ru.
             Quit the game on level 1 of the Abyss on May 16, 2023.
             The game lasted 00:53:00 (11520 turns).

hwolsky the Arsonist (Tengu Fire Elementalist)     Turns: 11520, Time: 00:53:00

HP:   17/40 (43)    AC: -8    Str: -5 (8) XL:     11   Next: 29%
MP:   14/24         EV:  2    Int: -3 (16) God:    Ru [***...]
Gold: 670           SH:  0    Dex: -12 (15)Spells: 4/14 levels left

rFire   x . .        s - staff of air
rCold   . . .        (no shield)
rNeg    . . .        a - +0 robe
rPois   .            (helmet restricted)
rElec   +            (no cloak)
rCorr   .            h - +1 pair of gloves
SInv    .            (boots unavailable)
Will    .....        (no amulet) Stlth
                     r - ring of magical power
HPRegen 0.00/turn    y - ring of protection from fire
MPRegen 0.19/turn

%: no passive effects
@: exhausted, on fire, corroded, flying quickly and evasively, inhibited regen,
slowed, lost strength, lost intelligence, lost dexterity, glowing, drained,
unable to read, very slow
A: beak, talons 3, inability to train armour, weak-willed 1, nimble flight,
[deterioration 2], [dopey 2], [frail 2], [heat vulnerability 2]
a: Renounce Religion, Draw Out Power


You were on level 1 of the Abyss.
You worshipped Ru.
Ru was most pleased with you.
You visited 2 branches of the dungeon, and saw 12 of its levels.
You visited the Abyss 1 time.
You also visited: Sewer.

You collected 670 gold pieces.

Inventory:

Hand Weapons
 g - a +0 dagger
Missiles
 t - 14 boomerangs of dispersal
Armour
 a - a +0 robe (worn)
 h - a +1 pair of gloves (worn)
Magical Staves
 s - a staff of air (weapon)
Jewellery
 m - a +4 ring of protection
 r - a ring of magical power (left hand)
 y - a ring of protection from fire (right hand)
 A - a ring of resist corrosion
Wands
 i - a wand of paralysis (11)
 u - a wand of acid (7)
 w - a wand of digging (1)
Scrolls
 d - 2 scrolls of identify
 k - 3 scrolls of enchant weapon
 n - 2 scrolls of magic mapping
 o - a scroll of fear
 q - 3 scrolls of teleportation
Potions
 b - a potion of magic
 c - 2 potions of resistance
 e - a potion of haste
 j - 4 potions of curing
 l - 2 potions of lignification
 p - 4 potions of heal wounds
 v - a potion of might
 x - 2 potions of attraction
 z - a potion of invisibility


   Skills:
 * Level 9.7 Staves
 + Level 8.3 Dodging
 - Level 2.2 Stealth
 - Level 2.0 Spellcasting
 + Level 9.7 Conjurations
 * Level 11.9 Fire Magic


You had 4 spell levels left.
You knew the following spells:

 Your Spells              Type           Power      Damage    Failure   Level
a - Foxfire               Conj/Fire      0%         2x1d4     1%          1
b - Scorch                Fire           0%         2d5       1%          2
c - Flame Wave            Conj/Fire      0%         2d4       7%          4
d - Inner Flame           Hex/Fire       0%         N/A       16%         3

Your spell library contained the following spells:

 Spells                   Type           Power      Damage    Failure   Level
 Static Discharge         Conj/Air       0%         2-2/arc   13%         2
 Volatile Blastmotes      Fire/Tloc      0%         2d10      16%         3
 Hailstorm                Conj/Ice       0%         3d3       26%         3
 Apportation              Tloc           0%         N/A       52%         1
 Beastly Appendage        Tmut           0%         N/A       52%         1
 Freeze                   Ice            0%         1d3       52%         1
 Cigotuvi's Dreadful Rot  Necr/Pois/Air  0%         N/A       67%         2
 Wereblood                Tmut           0%         N/A       67%         2
 Frozen Ramparts          Ice            0%         1d1       88%         3
 Spider Form              Tmut/Pois      0%         N/A       88%         3
 Dispel Undead            Necr           0%         3d6       99%         4
 Passage of Golubria      Tloc           0%         N/A       99%         4
 Alistair's Intoxication  Tmut/Pois      0%         N/A       100%        5
 Silence                  Hex/Air        0%         N/A       100%        5
 Death Channel            Necr           0%         N/A       100%        6
 Storm Form               Tmut/Air       0%         N/A       100%        7
 Lehudib's Crystal Spear  Conj/Erth      0%         10d2      100%        8
 Maxwell's Capacitive Co  Air            0%         ∞         100%        8


Dungeon Overview and Level Annotations

Branches:
Dungeon (11/15) Zot: 26960  Temple (1/1) D:5 Zot: 5783     Orc (0/2) D:10
  Sewer (visited)
   Lair: D:8-11

Altars:
Ashenzari
Cheibriados
Dithmenos
Elyvilon
Fedhas
Gozag
Hepliaklqana
Kikubaaqudgha
Makhleb
Nemelex Xobeh
Okawaru
Qazlal
Ru
Sif Muna
Trog
Uskayaw
Vehumet
Wu Jian
Xom
Yredelemnul
Zin
The Shining One

Shops:
D:2 =

Annotations:
D:11 Erolcha


Innate Abilities, Weirdness & Mutations

You have a beak for a mouth.
You have claws for feet.
You cannot train Armour skill.
You are slightly weak-willed. (Will-)
Your magical nature lets you fly swiftly and evasively.
[Your body often deteriorates upon taking damage.]
[You are very dopey. (Int -4)]
[You are very frail. (-20% HP)]
[You are very vulnerable to heat. (rF--)]


Message History

Unknown command.
Saving game... please wait.
Welcome back, hwolsky the Tengu Fire Elementalist.
Ru says: Cut away your false body!
Press ? for a list of commands and other information.
You hit the red very ugly thing but do no damage.
Your kick misses the red very ugly thing.
You peck the red very ugly thing, but do no damage.
The red very ugly thing is lightly wounded.
The worldbinder calls forth creatures from the Snake Pit!
The cyan very ugly thing basks in the mutagenic energy from its kin and changes!
The worldbinder calls forth creatures from the Snake Pit!
The red very ugly thing pecks you!
Your body deteriorates!
You feel clumsy.
You hit the red very ugly thing but do no damage.
You peck the red very ugly thing, but do no damage.
The red very ugly thing is lightly wounded.
A chorus of shrieks assaults your mind.
The worldbinder calls forth creatures from the Snake Pit!
The red very ugly thing pecks you!!
Ouch! That really hurt!
Die?
Thought so.
You are covered in liquid flames.
You are covered in liquid flames!
You hear a shout!
You barely miss the red very ugly thing.
Your kick misses the red very ugly thing.
The red very ugly thing is lightly wounded.
You are covered in liquid flames!
Your body deteriorates!
You feel clumsy.
The worldbinder calls forth creatures from the Snake Pit!
A ynoxinul comes into view.
The worldbinder barely misses you. The worldbinder hits you.
You focus your inner power and illuminate the worldbinder in retribution!
The red very ugly thing pecks you!
You are covered in liquid flames.
You are covered in liquid flames!
The purple very ugly thing basks in the mutagenic energy from its kin and changes!
A chorus of shrieks assaults your mind.
Your body deteriorates!
You feel clumsy.
You lack the mental capacity to cast spells.
Are you sure you want to abandon this character and quit the game? (Confirm with "yes".)

X.
......
#.
#.#..X .
# ## .
...#..
## ..
... #
.... .x
## ..3
##.3 §Z#
#..###N#
#@xX#
#u####
#u #u .X
.# #. #.


You could see 2 starcursed masses, 2 very ugly things, a naga warrior
(summoned), a white ugly thing, a worldbinder (corona), a ynoxinul and a dire
elephant simulacrum.

Vanquished Creatures
  Josephine (D:10)
  A two-headed ogre (D:8)
  A thrashing horror (Abyss:1)
  The ghost of pigah the Zephyrmancer, a novice OpWn of Gozag (D:9)
  An ancient zyme (Abyss:1)
  A troll (D:10)
  A shadow (D:10)
  4 wraiths
  A wyvern (D:9)
  2 steam dragons
  5 vampire mosquitoes
  A chaos spawn (Abyss:1)
  2 small abominations (Abyss:1)
  A warg (D:11)
  2 acid dragons
  A water moccasin (D:8)
  Pargi (Sewer)
  4 ice beasts
  2 orc warriors
  2 black bears (D:4)
  An ogre (D:6)
  3 centaurs
  4 kobold brigands
  2 bullfrogs (D:8)
  4 scorpions
  4 killer bees
  A howler monkey (D:9)
  A hound (D:5)
  A jelly (D:7)
  10 orc priests
  A quasit (Abyss:1)
  A gnoll bouda (D:7)
  3 starcursed masses (Abyss:1)
  2 iguanas
  4 sleepcaps
  7 orc wizards
  Robin (D:2)
  11 gnolls
  10 adders
  A white imp (D:7)
  An ufetubus (Abyss:1)
  3 worms
  4 dart slugs
  55 orcs
  6 endoplasms
  4 giant cockroaches
  14 goblins
  13 hobgoblins
  A jackal (Sewer)
  40 kobolds
  4 quokkas
  5 ball pythons
  2 bats
  A frilled lizard (D:3)
  9 rats
269 creatures vanquished.

Vanquished Creatures (others)
  A vampire mosquito (D:8)
  A starcursed mass (Abyss:1)
  A bullfrog (D:8)
  An orc priest (D:6)
  3 orcs
  4 kobolds (D:8)
  51 foxfires
62 creatures vanquished.

Grand Total: 331 creatures vanquished

Notes
Turn   | Place    | Note
-------+----------+-------------------------------------------
     0 | D:1      | hwolsky the Tengu Fire Elementalist began the quest for the
                  | Orb.
     0 | D:1      | Reached XP level 1. HP: 10/10 MP: 4/4
     0 | D:1      | Entered explore mode.
    96 | D:1      | Slain by a quokka (4 damage)
    99 | D:1      | Slain by a quokka (3 damage)
   103 | D:1      | Reached XP level 2. HP: 15/15 MP: 6/6
   118 | D:1      | Learned a level 2 spell: Scorch
   254 | D:1      | Found a faded altar of an unknown god.
   437 | D:1      | Reached XP level 3. HP: 19/19 MP: 2/7
   661 | D:2      | Found a glowing silver altar of Zin.
   710 | D:2      | Noticed Robin
   722 | D:2      | Slain by an adder (3 damage)
   727 | D:2      | Reached skill level 4 in Fire Magic
   728 | D:2      | Slain by a hobgoblin (6 damage)
                  | ... led by Robin
   731 | D:2      | Killed Robin
   732 | D:2      | Reached skill level 1 in Staves
   733 | D:2      | Slain by a goblin
                  | ... wielding a +0 dagger
                  | ... led by Robin
                  | (3 damage)
   735 | D:2      | Reached XP level 4. HP: 24/24 MP: 0/8
   819 | D:2      | Found Xeparidu's Jewellery Emporium.
   868 | D:2      | Got the Grimoire of Nephomancy
  1621 | D:3      | Found a hide-covered altar of Uskayaw.
  1622 | D:3      | Found an ornate altar of the Wu Jian Council.
  1625 | D:3      | Found an iron altar of Okawaru.
  1628 | D:3      | Found a sacrificial altar of Ru.
  1630 | D:3      | Found a radiant altar of Vehumet.
  1633 | D:3      | Found a sparkling altar of Nemelex Xobeh.
  1634 | D:3      | Became a worshipper of Ru the Awakened
  1647 | D:3      | Gained mutation: Your magical nature lets you fly swiftly
                  | and evasively. [Tengu growth]
  1647 | D:3      | Reached XP level 5. HP: 27/28 MP: 6/9
  1656 | D:3      | Found a hazy altar of Hepliaklqana.
  1661 | D:3      | Found a broken altar of Ashenzari.
  1664 | D:3      | Found a stormy altar of Qazlal.
  1667 | D:3      | Found a bloodstained altar of Trog.
  1788 | D:3      | Identified the +3 long sword of Seqiso {heavy, Dex+4}
  2551 | D:4      | Noticed a black bear
  2563 | D:4      | HP: 1/28 [black bear (1)]
  2564 | D:4      | Slain by a black bear (2 damage)
  2567 | D:4      | Mangled by a black bear (10 damage)
  2572 | D:4      | Slain by a black bear (4 damage)
  2576 | D:4      | Killed a black bear
  2577 | D:4      | Reached skill level 5 in Fire Magic
  2577 | D:4      | Reached XP level 6. HP: 15/32 MP: 10/10
  2787 | D:4      | HP: 1/32 [poisoned by a scorpion]
  2789 | D:4      | Succumbed to a scorpion's poison
  2896 | D:4      | Found a glowing drain.
  2919 | D:4      | Slain by an adder (4 damage)
  2946 | Sewer    | Entered a sewer
  3083 | Sewer    | Noticed Pargi
  3099 | Sewer    | HP: 1/32 [Pargi (1)]
  3100 | Sewer    | Killed Pargi
  3368 | D:4      | Gained mutation: You cannot train Armour skill. [Ru
                  | sacrifice]
  3368 | D:4      | Reached * piety under Ru
  3460 | D:4      | Noticed a black bear
  3476 | D:4      | Slain by a black bear (4 damage)
  3481 | D:4      | Killed a black bear
  3482 | D:4      | Reached skill level 6 in Fire Magic
  3482 | D:4      | Reached XP level 7. HP: 11/36 MP: 8/11
  3847 | D:5      | Entered Level 5 of the Dungeon
  3914 | D:5      | Found a staircase to the Ecumenical Temple.
  3925 | Temple   | Entered the Ecumenical Temple
  4230 | D:5      | Found a snail-covered altar of Cheibriados.
  4423 | D:5      | You are sucked into a shaft and drop 3 floors!
  4425 | D:8      | Noticed a steam dragon
  4432 | D:8      | Noticed a two-headed ogre
  4443 | D:8      | Noticed a vampire mosquito
  4445 | D:8      | Noticed a vampire mosquito
  4446 | D:8      | Noticed a vampire mosquito
  4448 | D:8      | Noticed a vampire mosquito
  4449 | D:8      | Slain by a two-headed ogre
                  | ... wielding a +0 giant spiked club
                  | (22 damage)
  4455 | D:8      | Mangled by a two-headed ogre
                  | ... wielding a +0 giant spiked club
                  | (23 damage)
  4458 | D:8      | Mangled by a two-headed ogre
                  | ... wielding a +0 giant spiked club
                  | (24 damage)
  4461 | D:8      | Annihilated by a two-headed ogre
                  | ... wielding a +0 giant spiked club
                  | (35 damage)
  4463 | D:8      | Mangled by a two-headed ogre
                  | ... wielding a +0 giant spiked club
                  | (13 damage)
  4466 | D:8      | HP: 1/36 [vampire mosquito (3)]
  4467 | D:8      | Slain by a kobold
                  | ... wielding a +0 dagger
                  | (2 damage)
  4467 | D:8      | Mangled by a two-headed ogre
                  | ... wielding a +0 giant spiked club
                  | (13 damage)
  4470 | D:8      | Mangled by a vampire mosquito (12 damage)
  4471 | D:8      | HP: 1/36 [vampire mosquito (12)]
  4471 | D:8      | Mangled by a vampire mosquito (7 damage)
  4473 | D:8      | Mangled by a vampire mosquito (8 damage)
  4475 | D:8      | Mangled by a two-headed ogre
                  | ... wielding a +0 giant spiked club
                  | (21 damage)
  4476 | D:8      | Slain by a two-headed ogre
                  | ... wielding a +0 giant spiked club
                  | (16 damage)
  4479 | D:8      | Slain by a vampire mosquito (10 damage)
  4480 | D:8      | Slain by a vampire mosquito (10 damage)
  4483 | D:8      | Slain by a vampire mosquito (3 damage)
  4488 | D:8      | Slain by a vampire mosquito (3 damage)
  4490 | D:8      | HP: 1/36 [kobold brigand/+0 short sword (1)]
  4490 | D:8      | Slain by a vampire mosquito (3 damage)
  4492 | D:8      | Slain by a vampire mosquito (7 damage)
  4493 | D:8      | Slain by a vampire mosquito (11 damage)
  4495 | D:8      | Slain by a vampire mosquito (9 damage)
  4497 | D:8      | HP: 1/36 [steam dragon (3)]
  4498 | D:8      | Slain by a vampire mosquito (3 damage)
  4499 | D:8      | Slain by a kobold brigand
                  | ... wielding a +0 short sword
                  | (4 damage)
  4499 | D:8      | Killed a vampire mosquito
  4500 | D:8      | Mangled by a two-headed ogre
                  | ... wielding a +0 giant spiked club
                  | (18 damage)
  4501 | D:8      | Engulfed by a steam dragon's steam (8 damage)
  4502 | D:8      | Slain by a vampire mosquito (2 damage)
  4503 | D:8      | Slain by a two-headed ogre
                  | ... wielding a +0 giant spiked club
                  | (27 damage)
  4505 | D:8      | Mangled by a two-headed ogre
                  | ... wielding a +0 giant spiked club
                  | (27 damage)
  4508 | D:8      | Demolished by a two-headed ogre
                  | ... wielding a +0 giant spiked club
                  | (21 damage)
  4509 | D:8      | Mangled by a two-headed ogre
                  | ... wielding a +0 giant spiked club
                  | (21 damage)
  4511 | D:8      | Slain by a vampire mosquito (4 damage)
  4513 | D:8      | Slain by a vampire mosquito (7 damage)
  4515 | D:8      | Mangled by a vampire mosquito (10 damage)
  4516 | D:8      | Slain by a vampire mosquito (8 damage)
  4517 | D:8      | Slain by a steam dragon (5 damage)
  4518 | D:8      | Slain by a kobold brigand
                  | ... wielding a +0 short sword
                  | (8 damage)
  4520 | D:8      | Mangled by a two-headed ogre
                  | ... wielding a +0 giant spiked club
                  | (18 damage)
  4521 | D:8      | HP: 1/36 [steam dragon (9)]
  4522 | D:8      | Slain by a steam dragon (1 damage)
  4523 | D:8      | Demolished by a two-headed ogre
                  | ... wielding a +0 giant spiked club
                  | (19 damage)
  4526 | D:8      | Slain by a vampire mosquito (7 damage)
  4526 | D:8      | Slain by a vampire mosquito (6 damage)
  4528 | D:8      | Annihilated by a two-headed ogre
                  | ... wielding a +0 giant spiked club
                  | (32 damage)
  4530 | D:8      | Demolished by a two-headed ogre
                  | ... wielding a +0 giant spiked club
                  | (19 damage)
  4532 | D:8      | Slain by a steam dragon (8 damage)
  4534 | D:8      | HP: 1/36 [steam dragon (2)]
  4534 | D:8      | Slain by a vampire mosquito (3 damage)
  4537 | D:8      | Annihilated by a two-headed ogre
                  | ... wielding a +0 giant spiked club
                  | (27 damage)
  4540 | D:8      | Mangled by a two-headed ogre
                  | ... wielding a +0 giant spiked club
                  | (19 damage)
  4543 | D:8      | Slain by a vampire mosquito (10 damage)
  4544 | D:8      | Mangled by a vampire mosquito (10 damage)
  4545 | D:8      | HP: 1/36 [steam dragon (8)]
  4546 | D:8      | Mangled by a vampire mosquito (10 damage)
  4548 | D:8      | Annihilated by a two-headed ogre
                  | ... wielding a +0 giant spiked club
                  | (35 damage)
  4550 | D:8      | Mangled by a steam dragon (11 damage)
  4554 | D:8      | Slain by a vampire mosquito (5 damage)
  4555 | D:8      | Slain by a vampire mosquito (11 damage)
  4557 | D:8      | HP: 1/36 [kobold brigand/+0 short sword (4)]
  4558 | D:8      | Slain by a vampire mosquito (5 damage)
  4559 | D:8      | Mangled by a two-headed ogre
                  | ... wielding a +0 giant spiked club
                  | (15 damage)
  4562 | D:8      | Killed a vampire mosquito
  4562 | D:8      | Mangled by a vampire mosquito (12 damage)
  4563 | D:8      | Slain by a vampire mosquito (10 damage)
  4564 | D:8      | Slain by a vampire mosquito (9 damage)
  4565 | D:8      | Slain by a kobold brigand
                  | ... wielding a +0 short sword
                  | (5 damage)
  4567 | D:8      | Mangled by a two-headed ogre
                  | ... wielding a +0 giant spiked club
                  | (17 damage)
  4568 | D:8      | Slain by a two-headed ogre
                  | ... wielding a +0 giant spiked club
                  | (20 damage)
  4571 | D:8      | HP: 1/36 [vampire mosquito (5)]
  4571 | D:8      | Slain by a kobold brigand
                  | ... wielding a +0 short sword
                  | (1 damage)
  4573 | D:8      | Mangled by a vampire mosquito (9 damage)
  4575 | D:8      | Slain by a kobold brigand
                  | ... wielding a +0 short sword
                  | (3 damage)
  4576 | D:8      | HP: 1/36 [steam dragon (5)]
  4577 | D:8      | Slain by a vampire mosquito (2 damage)
  4579 | D:8      | Slain by a vampire mosquito (7 damage)
  4580 | D:8      | Slain by a vampire mosquito (3 damage)
  4583 | D:8      | Slain by a vampire mosquito (6 damage)
  4584 | D:8      | Slain by a vampire mosquito (3 damage)
  4587 | D:8      | Mangled by a vampire mosquito (9 damage)
  4589 | D:8      | HP: 1/36 [kobold brigand/+0 short sword (4)]
  4589 | D:8      | Slain by a vampire mosquito (5 damage)
  4593 | D:8      | Slain by a kobold brigand
                  | ... wielding a +0 short sword
                  | (6 damage)
  4595 | D:8      | Mangled by a two-headed ogre
                  | ... wielding a +0 giant spiked club
                  | (14 damage)
  4597 | D:8      | Slain by a two-headed ogre
                  | ... wielding a +0 giant spiked club
                  | (13 damage)
  4598 | D:8      | HP: 1/36 [two-headed ogre/+0 giant spiked club (22)]
  4600 | D:8      | Slain by a vampire mosquito (4 damage)
  4600 | D:8      | Mangled by a vampire mosquito (11 damage)
  4602 | D:8      | Slain by a steam dragon (2 damage)
  4604 | D:8      | HP: 1/36 [vampire mosquito (6)]
  4605 | D:8      | Slain by a vampire mosquito (2 damage)
  4607 | D:8      | Demolished by a two-headed ogre
                  | ... wielding a +0 giant spiked club
                  | (29 damage)
  4609 | D:8      | HP: 1/36 [kobold brigand/+0 short sword (7)]
  4609 | D:8      | Demolished by a two-headed ogre
                  | ... wielding a +0 giant spiked club
                  | (16 damage)
  4610 | D:8      | Mangled by a two-headed ogre
                  | ... wielding a +0 giant spiked club
                  | (28 damage)
  4612 | D:8      | Demolished by a two-headed ogre
                  | ... wielding a +0 giant spiked club
                  | (23 damage)
  4613 | D:8      | Annihilated by a two-headed ogre
                  | ... wielding a +0 giant spiked club
                  | (24 damage)
  4615 | D:8      | Slain by a vampire mosquito (9 damage)
  4616 | D:8      | Slain by a two-headed ogre
                  | ... wielding a +0 giant spiked club
                  | (14 damage)
  4619 | D:8      | Slain by a kobold brigand
                  | ... wielding a +0 short sword
                  | (6 damage)
  4623 | D:8      | Slain by a kobold brigand
                  | ... wielding a +0 short sword
                  | (5 damage)
  4624 | D:8      | Mangled by a two-headed ogre
                  | ... wielding a +0 giant spiked club
                  | (25 damage)
  4626 | D:8      | Reached skill level 5 in Conjurations
  4627 | D:8      | Slain by a two-headed ogre
                  | ... wielding a +0 giant spiked club
                  | (10 damage)
  4628 | D:8      | Slain by a two-headed ogre
                  | ... wielding a +0 giant spiked club
                  | (22 damage)
  4630 | D:8      | Annihilated by a two-headed ogre
                  | ... wielding a +0 giant spiked club
                  | (29 damage)
  4631 | D:8      | Slain by a kobold brigand
                  | ... wielding a +0 short sword
                  | (3 damage)
  4634 | D:8      | Mangled by a two-headed ogre
                  | ... wielding a +0 giant spiked club
                  | (21 damage)
  4635 | D:8      | Slain by a two-headed ogre
                  | ... wielding a +0 giant spiked club
                  | (21 damage)
  4636 | D:8      | Slain by a vampire mosquito (10 damage)
  4637 | D:8      | Demolished by a two-headed ogre
                  | ... wielding a +0 giant spiked club
                  | (21 damage)
  4639 | D:8      | Slain by a steam dragon (11 damage)
  4641 | D:8      | Slain by a two-headed ogre
                  | ... wielding a +0 giant spiked club
                  | (10 damage)
  4643 | D:8      | Slain by a vampire mosquito (7 damage)
  4643 | D:8      | Mangled by a two-headed ogre
                  | ... wielding a +0 giant spiked club
                  | (14 damage)
  4644 | D:8      | Mangled by a two-headed ogre
                  | ... wielding a +0 giant spiked club
                  | (21 damage)
  4647 | D:8      | Mangled by a two-headed ogre
                  | ... wielding a +0 giant spiked club
                  | (18 damage)
  4649 | D:8      | Slain by a steam dragon (7 damage)
  4652 | D:8      | Demolished by a two-headed ogre
                  | ... wielding a +0 giant spiked club
                  | (20 damage)
  4654 | D:8      | Slain by a vampire mosquito (3 damage)
  4656 | D:8      | Mangled by a two-headed ogre
                  | ... wielding a +0 giant spiked club
                  | (15 damage)
  4658 | D:8      | Slain by a two-headed ogre
                  | ... wielding a +0 giant spiked club
                  | (11 damage)
  4661 | D:8      | Slain by a vampire mosquito (9 damage)
  4662 | D:8      | Mangled by a two-headed ogre
                  | ... wielding a +0 giant spiked club
                  | (19 damage)
  4665 | D:8      | Slain by a vampire mosquito (8 damage)
  4666 | D:8      | Mangled by a two-headed ogre
                  | ... wielding a +0 giant spiked club
                  | (11 damage)
  4669 | D:8      | Slain by a vampire mosquito (12 damage)
  4670 | D:8      | Slain by a vampire mosquito (10 damage)
  4671 | D:8      | Slain by a two-headed ogre
                  | ... wielding a +0 giant spiked club
                  | (13 damage)
  4675 | D:8      | Annihilated by a two-headed ogre
                  | ... wielding a +0 giant spiked club
                  | (30 damage)
  4676 | D:8      | Slain by a steam dragon (4 damage)
  4678 | D:8      | Mangled by a two-headed ogre
                  | ... wielding a +0 giant spiked club
                  | (20 damage)
  4681 | D:8      | Demolished by a two-headed ogre
                  | ... wielding a +0 giant spiked club
                  | (23 damage)
  4684 | D:8      | Slain by a vampire mosquito (7 damage)
  4687 | D:8      | Slain by a vampire mosquito (5 damage)
  4688 | D:8      | Mangled by a two-headed ogre
                  | ... wielding a +0 giant spiked club
                  | (17 damage)
  4689 | D:8      | Slain by a steam dragon (8 damage)
  4689 | D:8      | Slain by a two-headed ogre
                  | ... wielding a +0 giant spiked club
                  | (18 damage)
  4692 | D:8      | Slain by a steam dragon (10 damage)
  4694 | D:8      | HP: 1/36 [steam dragon (1)]
  4694 | D:8      | Demolished by a two-headed ogre
                  | ... wielding a +0 giant spiked club
                  | (19 damage)
  4695 | D:8      | Mangled by a two-headed ogre
                  | ... wielding a +0 giant spiked club
                  | (17 damage)
  4698 | D:8      | Slain by a kobold brigand
                  | ... wielding a +0 short sword
                  | (1 damage)
  4701 | D:8      | Annihilated by a two-headed ogre
                  | ... wielding a +0 giant spiked club
                  | (29 damage)
  4703 | D:8      | Demolished by a two-headed ogre
                  | ... wielding a +0 giant spiked club
                  | (24 damage)
  4705 | D:8      | Slain by a two-headed ogre
                  | ... wielding a +0 giant spiked club
                  | (6 damage)
  4708 | D:8      | Slain by a vampire mosquito (8 damage)
  4708 | D:8      | Mangled by a two-headed ogre
                  | ... wielding a +0 giant spiked club
                  | (20 damage)
  4710 | D:8      | Demolished by a two-headed ogre
                  | ... wielding a +0 giant spiked club
                  | (34 damage)
  4712 | D:8      | HP: 1/36 [vampire mosquito (5)]
  4712 | D:8      | Slain by a steam dragon (2 damage)
  4713 | D:8      | Mangled by a vampire mosquito (9 damage)
  4716 | D:8      | Slain by a two-headed ogre
                  | ... wielding a +0 giant spiked club
                  | (9 damage)
  4717 | D:8      | Killed a steam dragon
  4717 | D:8      | Slain by a two-headed ogre
                  | ... wielding a +0 giant spiked club
                  | (13 damage)
  4718 | D:8      | Reached XP level 8. HP: 41/41 MP: 5/12
  4719 | D:8      | Mangled by a two-headed ogre
                  | ... wielding a +0 giant spiked club
                  | (26 damage)
  4720 | D:8      | Demolished by a two-headed ogre
                  | ... wielding a +0 giant spiked club
                  | (36 damage)
  4722 | D:8      | Slain by an ice beast (8 damage)
  4726 | D:8      | Slain by a vampire mosquito (4 damage)
  4727 | D:8      | Slain by a vampire mosquito (7 damage)
  4728 | D:8      | HP: 1/41 [ice beast (4)]
  4728 | D:8      | Mangled by an ice beast (7 damage)
  4730 | D:8      | Mangled by a two-headed ogre
                  | ... wielding a +0 giant spiked club
                  | (18 damage)
  4733 | D:8      | Mangled by a vampire mosquito (10 damage)
  4734 | D:8      | Slain by a vampire mosquito (8 damage)
  4735 | D:8      | Slain by a two-headed ogre
                  | ... wielding a +0 giant spiked club
                  | (24 damage)
  4737 | D:8      | Slain by a vampire mosquito (7 damage)
  4739 | D:8      | Slain by a vampire mosquito (4 damage)
  4741 | D:8      | Mangled by a two-headed ogre
                  | ... wielding a +0 giant spiked club
                  | (23 damage)
  4742 | D:8      | Demolished by a two-headed ogre
                  | ... wielding a +0 giant spiked club
                  | (24 damage)
  4744 | D:8      | Demolished by a two-headed ogre
                  | ... wielding a +0 giant spiked club
                  | (28 damage)
  4746 | D:8      | HP: 2/41 [ice beast (8)]
  4747 | D:8      | Slain by a vampire mosquito (2 damage)
  4747 | D:8      | Slain by an ice beast (7 damage)
  4749 | D:8      | Mangled by a two-headed ogre
                  | ... wielding a +0 giant spiked club
                  | (17 damage)
  4752 | D:8      | Slain by a vampire mosquito (10 damage)
  4753 | D:8      | HP: 2/41 [ice beast (11)]
  4754 | D:8      | Slain by a kobold brigand
                  | ... wielding a +0 short sword
                  | (4 damage)
  4756 | D:8      | Slain by a vampire mosquito (10 damage)
  4758 | D:8      | Mangled by a two-headed ogre
                  | ... wielding a +0 giant spiked club
                  | (19 damage)
  4759 | D:8      | Slain by an ice beast (12 damage)
  4761 | D:8      | Slain by a two-headed ogre
                  | ... wielding a +0 giant spiked club
                  | (16 damage)
  4763 | D:8      | HP: 2/41 [two-headed ogre/+0 giant spiked club (20)]
  4764 | D:8      | Mangled by a vampire mosquito (9 damage)
  4765 | D:8      | Slain by a kobold brigand
                  | ... wielding a +0 short sword
                  | (6 damage)
  4767 | D:8      | Slain by a vampire mosquito (5 damage)
  4769 | D:8      | Slain by a vampire mosquito (4 damage)
  4773 | D:8      | Mangled by a two-headed ogre
                  | ... wielding a +0 giant spiked club
                  | (12 damage)
  4781 | D:8      | Slain by a vampire mosquito (6 damage)
  4788 | D:8      | Slain by a vampire mosquito (9 damage)
  4794 | D:8      | Slain by a water moccasin (4 damage)
  4797 | D:8      | Slain by a vampire mosquito (12 damage)
  4804 | D:8      | HP: 2/41 [poisoned by a water moccasin]
  4804 | D:8      | Mangled by a vampire mosquito (9 damage)
  4809 | D:8      | HP: 2/41 [poisoned by a water moccasin]
  4809 | D:8      | Slain by a vampire mosquito (3 damage)
  4811 | D:8      | Slain by a water moccasin (8 damage)
  4815 | D:8      | Slain by a vampire mosquito (10 damage)
  4818 | D:8      | HP: 2/41 [water moccasin (5)]
  4818 | D:8      | Slain by an orc wizard
                  | ... wielding a +0 dagger
                  | (3 damage)
  4823 | D:8      | Succumbed to a water moccasin's poison
  4826 | D:8      | Slain by an orc wizard
                  | ... wielding a +0 dagger
                  | (3 damage)
  4829 | D:8      | Killed from afar by an orc wizard (5 damage)
                  | ... with a magic dart
  4832 | D:8      | HP: 2/41 [vampire mosquito (10)]
  4832 | D:8      | Slain by a water moccasin (7 damage)
  4834 | D:8      | Reached skill level 7 in Fire Magic
  4838 | D:8      | HP: 2/41 [poisoned by a water moccasin]
  4839 | D:8      | Succumbed to a water moccasin's poison
  4844 | D:8      | Reached skill level 5 in Dodging
  4844 | D:8      | Slain by a two-headed ogre
                  | ... wielding a +0 giant spiked club
                  | (12 damage)
  4845 | D:8      | Mangled by a two-headed ogre
                  | ... wielding a +0 giant spiked club
                  | (14 damage)
  4850 | D:8      | Demolished by a two-headed ogre
                  | ... wielding a +0 giant spiked club
                  | (22 damage)
  4854 | D:8      | Killed from afar by an orc wizard (8 damage)
                  | ... with a magic dart
  4856 | D:8      | Killed a two-headed ogre
  4857 | D:8      | Reached skill level 5 in Staves
  4857 | D:8      | Reached skill level 8 in Fire Magic
  4857 | D:8      | Reached XP level 9. HP: 36/45 MP: 13/13
  4869 | D:8      | Slain by a water moccasin (8 damage)
  5018 | D:7      | Splashed by a jelly's acid (8 damage)
  5040 | D:7      | Reached skill level 9 in Fire Magic
  5045 | D:7      | Slain by a gnoll bouda
                  | ... wielding a +0 whip
                  | (4 damage)
  5051 | D:7      | Slain by a gnoll bouda
                  | ... wielding a +0 whip
                  | (9 damage)
  5580 | D:5      | Killed by nerve-wracking pain
                  | ... invoked by an orc priest
                  | (12 damage)
  5984 | D:6      | Slain by an orc warrior
                  | ... wielding a +0 long sword
                  | (9 damage)
  6001 | D:6      | HP: 2/45 [orc/+0 short sword (4)]
  6002 | D:6      | Slain by an orc
                  | ... wielding a +0 short sword
                  | (2 damage)
  6022 | D:6      | HP: 2/45 [orc/+1 falchion of electrocution (2)]
  6024 | D:6      | Killed by divine providence
                  | ... invoked by an orc priest
                  | (7 damage)
  6247 | D:6      | Gained mutation: You are slightly weak-willed. (Will-) [Ru
                  | sacrifice]
  6247 | D:6      | Reached ** piety under Ru
  6247 | D:6      | Reached *** piety under Ru
  6321 | D:6      | Learned a level 4 spell: Flame Wave
  6325 | D:6      | Learned a level 3 spell: Inner Flame
  7877 | D:8      | Found a shimmering altar of Xom.
  8206 | D:8      | Identified the +2 cloak of the Soldier {Fly rElec Slay-3}
  8270 | D:8      | Identified the +6 halberd of the Lachrymose God {venom,
                  | *Slow rPois Str+3 Int+2}
  8318 | D:8      | Reached skill level 10 in Fire Magic
  8322 | D:8      | Reached XP level 10. HP: 50/50 MP: 0/14
  8939 | D:9      | Upgraded the game from 0.31-a0-37-g98a128e1d9 to
                  | 0.31-a0-38-g1548c4f2a5
  9752 | D:9      | Found a runed translucent gate.
  9752 | D:9      | Found a runed translucent gate.
  9752 | D:9      | Found a runed translucent gate.
  9781 | D:9      | Noticed pigah's ghost (novice OpWn)
  9975 | D:9      | Killed pigah's ghost
 10115 | D:10     | Entered Level 10 of the Dungeon
 10137 | D:10     | Killed from afar by an acid dragon (12 damage)
                  | ... with a splash of acid
 10156 | D:10     | HP: 2/50 [centaur (3)]
 10158 | D:10     | Slain by a centaur (3 damage)
 10163 | D:10     | Reached skill level 11 in Fire Magic
 10463 | D:10     | Noticed Josephine
 10472 | D:10     | Slain by a wraith (9 damage)
                  | ... led by Josephine
 10474 | D:10     | Slain by a wraith (8 damage)
                  | ... led by Josephine
 10480 | D:10     | Killed Josephine
 10481 | D:10     | HP: 1/50 [wraith[Josephine] (2)]
 10484 | D:10     | Mangled by a wraith (12 damage)
                  | ... led by Josephine
 10496 | D:10     | Slain by a wraith (9 damage)
                  | ... led by Josephine
 10502 | D:10     | Reached XP level 11. HP: 46/54 MP: 5/15
 10755 | D:10     | Found a staircase to the Orcish Mines.
 11108 | D:11     | Noticed a cyclops
 11109 | D:11     | Killed by an exploding orc (24 damage)
                  | ... ignited by their inner flame
 11111 | D:11     | Noticed Erolcha
 11120 | D:11     | Mangled by Erolcha
                  | ... wielding a +2 spectral giant spiked club
                  | (15 damage)
 11126 | Abyss:1  | Cast into level 1 of the Abyss (Erolcha)
 11157 | Abyss:1  | Slain by an ancient zyme (5 damage)
 11175 | Abyss:1  | Slain by an ancient zyme (13 damage)
 11210 | Abyss:1  | Noticed a starcursed mass
 11225 | Abyss:1  | Killed from afar by a starcursed mass (11 damage)
                  | ... with an accursed screaming
 11231 | Abyss:1  | Paralysed by accursed screaming for 1 turns
 11237 | Abyss:1  | Killed from afar by a starcursed mass (8 damage)
                  | ... with an accursed screaming
 11242 | Abyss:1  | HP: 2/54 [chaos spawn (6)]
 11242 | Abyss:1  | Slain by a chaos spawn (7 damage)
 11249 | Abyss:1  | Mangled by a chaos spawn (15 damage)
 11251 | Abyss:1  | Paralysed by accursed screaming for 1 turns
 11252 | Abyss:1  | Mangled by a chaos spawn (15 damage)
                  | ... while paralysed by accursed screaming
 11257 | Abyss:1  | Killed from afar by a starcursed mass (7 damage)
                  | ... with an accursed screaming
 11262 | Abyss:1  | HP: 2/54 [starcursed mass/accursed screaming (7)]
 11264 | Abyss:1  | Killed from afar by a starcursed mass (9 damage)
                  | ... with an accursed screaming
 11275 | Abyss:1  | Slain by a starcursed mass (8 damage)
 11279 | Abyss:1  | Killed from afar by a starcursed mass (10 damage)
                  | ... with an accursed screaming
 11281 | Abyss:1  | Paralysed by accursed screaming for 1 turns
 11288 | Abyss:1  | Paralysed by accursed screaming for 1 turns
 11293 | Abyss:1  | Mangled by a starcursed mass (12 damage)
 11298 | Abyss:1  | Paralysed by accursed screaming for 1 turns
 11299 | Abyss:1  | HP: 1/54 [starcursed mass (7)]
 11301 | Abyss:1  | Mangled by a starcursed mass (11 damage)
 11303 | Abyss:1  | Paralysed by accursed screaming for 1 turns
 11306 | Abyss:1  | Slain by a starcursed mass (7 damage)
 11310 | Abyss:1  | Paralysed by accursed screaming for 1 turns
 11310 | Abyss:1  | HP: 2/54 [starcursed mass (9)]
 11310 | Abyss:1  | Slain by a quasit (2 damage)
                  | ... while paralysed by accursed screaming
 11328 | Abyss:1  | Slain by a starcursed mass (10 damage)
 11339 | Abyss:1  | Noticed a starcursed mass
 11341 | Abyss:1  | HP: 1/51 [starcursed mass/accursed screaming (12)]
 11341 | Abyss:1  | Paralysed by accursed screaming for 1 turns
 11342 | Abyss:1  | Slain by a starcursed mass (3 damage)
                  | ... while paralysed by accursed screaming
 11342 | Abyss:1  | Noticed a wretched star
 11345 | Abyss:1  | Collided with a rock wall (15 damage)
                  | ... caused by a wretched star
 11351 | Abyss:1  | Mangled by a starcursed mass (11 damage)
 11357 | Abyss:1  | Slain by a starcursed mass (11 damage)
 11360 | Abyss:1  | Paralysed by accursed screaming for 2 turns
 11360 | Abyss:1  | Killed a starcursed mass
 11361 | Abyss:1  | Killed from afar by a starcursed mass (14 damage)
                  | ... with an accursed screaming
                  | ... while paralysed by accursed screaming
 11362 | Abyss:1  | Noticed a thrashing horror
 11372 | Abyss:1  | Killed from afar by a starcursed mass (9 damage)
                  | ... with an accursed screaming
 11378 | Abyss:1  | Mangled by a thrashing horror (10 damage)
 11388 | Abyss:1  | Slain by a thrashing horror (5 damage)
 11397 | Abyss:1  | Killed from afar by a starcursed mass (8 damage)
                  | ... with an accursed screaming
 11400 | Abyss:1  | Mangled by a thrashing horror (14 damage)
 11408 | Abyss:1  | Mangled by a thrashing horror (10 damage)
 11409 | Abyss:1  | Killed a thrashing horror
 11423 | Abyss:1  | Killed from afar by a starcursed mass (8 damage)
                  | ... with an accursed screaming
 11423 | Abyss:1  | Paralysed by accursed screaming for 1 turns
 11429 | Abyss:1  | Paralysed by accursed screaming for 1 turns
 11445 | Abyss:1  | Slain by a starcursed mass (7 damage)
 11466 | Abyss:1  | Noticed a purple very ugly thing
 11471 | Abyss:1  | HP: 1/43 [starcursed mass/accursed screaming (7)]
 11471 | Abyss:1  | Slain by a purple very ugly thing (6 damage)
 11475 | Abyss:1  | Lost dexterity.
 11478 | Abyss:1  | HP: 2/43 [starcursed mass (8)]
 11479 | Abyss:1  | Slain by a starcursed mass (7 damage)
                  | ... while paralysed
 11481 | Abyss:1  | Demolished by a red very ugly thing (21 damage)
 11483 | Abyss:1  | Noticed a purple very ugly thing
 11483 | Abyss:1  | Slain by a purple very ugly thing (15 damage)
 11487 | Abyss:1  | Slain by a starcursed mass (7 damage)
 11489 | Abyss:1  | Mangled by a red very ugly thing (12 damage)
 11495 | Abyss:1  | Slain by a red very ugly thing (8 damage)
 11497 | Abyss:1  | Noticed a worldbinder
 11499 | Abyss:1  | Killed from afar by a starcursed mass (8 damage)
                  | ... with an accursed screaming
 11500 | Abyss:1  | Noticed a purple ugly thing
 11500 | Abyss:1  | Splashed by a brown very ugly thing's acid (10 damage)
 11501 | Abyss:1  | Lost strength.
 11501 | Abyss:1  | Splashed by a brown very ugly thing's acid (8 damage)
                  | ... while paralysed
 11502 | Abyss:1  | Noticed a purple ugly thing
 11503 | Abyss:1  | Noticed a mana viper
 11505 | Abyss:1  | Slain by a red very ugly thing (22 damage)
 11506 | Abyss:1  | Lost intelligence.
 11509 | Abyss:1  | Noticed a purple very ugly thing
 11509 | Abyss:1  | HP: 1/43 [worldbinder (4)]
 11509 | Abyss:1  | Slain by a worldbinder (3 damage)
 11511 | Abyss:1  | Annihilated by a red very ugly thing (27 damage)
 11512 | Abyss:1  | Noticed a naga warrior
 11513 | Abyss:1  | Demolished by a red very ugly thing (26 damage)
 11515 | Abyss:1  | Slain by a worldbinder (8 damage)
 11516 | Abyss:1  | HP: 2/40 [worldbinder (4)]
 11516 | Abyss:1  | Killed from afar by a starcursed mass (7 damage)
                  | ... with an accursed screaming
 11518 | Abyss:1  | Mangled by a red very ugly thing (27 damage)
 11520 | Abyss:1  | Quit the game

Illustrated notes

Levels and vault maps discovered:
D:1:      dpeg_arrival_tiny_i, layout_rooms,
          hellmonk_ecumenical_altar_crossroads
D:2:      layout_rooms, serial_shops, shop, basic_altar, serial_corexii_hall,
          corexii_hall_statues_t, corexii_hall_statues_s,
          chequers_serial_rivers_large_a, uniq_robin
D:3:      layout_rooms, nicolae_overflow_hallway_of_the_gods,
          minmay_misc_feat_plants, st_stairs_8
D:4:      layout_rooms, portal_sewer_entry_b
D:5:      layout_gridville, mainiacjoe_overflow_small_starburst, temple_pool_b
D:6:      layout_rooms, minmay_unpleasant_kobolds
D:7:      layout_loops_corners
D:8:      corexii_shantytown, layout_loops_ring, xom_shifter_show,
          nrook_campfire
D:9:      layout_stronghold, gammafunk_ghost_spectres
D:10:     layout_cross, hiddenorc2_lemuel, serial_column_ruins,
          column_ruins_open_tiny, column_ruins_grid_3, column_ruins_open_small,
          column_ruins_grid_1, column_ruins_open_small,
          column_ruins_columns_dead_end, uniq_josephine
D:11:     layout_roguey, erik_lair_orcish_takeover,
          nicolae_transporter_intersection, uniq_erolcha
Temple:   chequers_temple_sunken
Abyss:1:  base: D:7, kilobyte_mutagenic_chamber, base:
D:7

Skill      XL: |  1  2  3  4  5  6  7  8  9 10 |
---------------+-------------------------------+-----
Conjurations   | 2 3 4 5 6 7 9 |  9.7
Fire Magic     | 4 5 6 8 10 11 | 11.9
Staves         | 1 2 3 5 6 9 |  9.7
Dodging        | 3 4 5 6 8 |  8.3
Stealth        | |  2.2
Spellcasting   | |  2.0

Action                     |  1- 3 |  4- 6 |  7- 9 | 10-12 || total
---------------------------+-------+-------+-------+-------++-------
  Melee: Unarmed           |    38 |    13 |       |       ||    51
         Kick              |    16 |    46 |   209 |   169 ||   440
         Peck              |     9 |    26 |   139 |   123 ||   297
         Dagger            |       |   150 |    81 |       ||   231
         Punch             |       |     3 |    12 |     6 ||    21
         Staff             |       |       |   580 |   376 ||   956
   Cast: Foxfire           |    17 |     3 |       |    10 ||    30
         Scorch            |     9 |    41 |    82 |    31 ||   163
         Flame Wave        |       |       |     6 |    28 ||    34
         Inner Flame       |       |       |       |    20 ||    20
 Invoke: Sacrifice Durabil |       |     1 |       |       ||     1
         Sacrifice Essence |       |       |     1 |       ||     1
         Draw Out Power    |       |       |       |     5 ||     5
         Reject Sacrifices |       |       |       |     1 ||     1
  Evoke: Wand              |       |       |     1 |     4 ||     5
    Use: Scroll            |     3 |     9 |     5 |     4 ||    21
         Potion            |       |       |     4 |     1 ||     5
   Stab: Sleeping          |       |       |     2 |       ||     2
         Invisible         |       |       |     1 |       ||     1
         Petrified         |       |       |       |    14 ||    14
         Petrifying        |       |       |       |     2 ||     2
         Distracted        |       |       |       |     1 ||     1
 Armour: Robe              |    12 |    41 |   286 |    84 ||   423
  Dodge: Dodged            |    41 |   201 |  2056 |   430 ||  2728

Table legend: (Time is in decaauts)
 A = Elapsed time spent in this place.
 B = Non-inter-level travel time spent in this place.
 C = Inter-level travel time spent in this place.
 D = Time resting spent in this place.
 E = Time spent auto-exploring this place.
 F = Levels seen in this place.
 G = Mean time per level.
                   A        B        C        D        E       F      G
               +--------+--------+--------+--------+--------+-----+--------+
         Total |  10908 |  10646 |    262 |    200 |   6376 |  14 |  779.1 |
       Dungeon |  10044 |   9782 |    262 |      2 |   6206 |  11 |  913.1 |
        Temple |    216 |    216 |      0 |      0 |    157 |   1 |  216.0 |
         Abyss |    328 |    328 |      0 |      0 |      0 |   1 |  328.0 |
         Sewer |    317 |    317 |      0 |    198 |     12 |   1 |  317.0 |
               +--------+--------+--------+--------+--------+-----+--------+

Top non-repeatable levels by time:
     D:8: 1642 daAuts
     D:9: 1172 daAuts
     D:2: 1108 daAuts
     D:7: 1002 daAuts
     D:5: 948 daAuts
    D:10: 944 daAuts
     D:4: 919 daAuts
     D:6: 879 daAuts
     D:3: 788 daAuts
     D:1: 603 daAuts
 Abyss:1: 328 daAuts
   Sewer: 317 daAuts
  Temple: 216 daAuts
    D:11: 35 daAuts
